 Dungeon Crawl Stone Soup version 0.14-a0-445-g388476e (webtiles) character file.

27121 Malachi the Executioner (level 12, 0/99 HPs)
             Began as a Deep Dwarf Berserker on Oct 30, 2013.
             Was a High Priest of Trog.
             Slain by a four-headed hydra simulacrum (2 damage)
             ... on Level 14 of the Dungeon.
             The game lasted 00:37:05 (11451 turns).

Malachi the Executioner (Deep Dwarf Berserker)     Turns: 11451, Time: 00:37:06

HP   0/99        AC 10     Str 29      XL: 12   Next: 99%
MP   6/6         EV 13     Int  9      God: Trog [*****.]
Gold 535         SH  0     Dex 16      Spells:  0 memorised, 11 levels left

Res.Fire  : . . .   See Invis. : .   F - +6,+5 battleaxe (antimagic)
Res.Cold  : + . .   Warding    : .   g - +2 elf robe {rC+}
Life Prot.: . . .   Conserve   : .   (no shield)
Res.Poison: .       Res.Corr.  : .   u - +1 dwarf helmet
Res.Elec. : .       Clarity    : +   x - +2 cloak {MR+}
Sust.Abil.: . .     Spirit.Shd : .   (no gloves)
Res.Mut.  : .       Stasis     : .   j - +0 pair of boots (curse)
Res.Rott. : .       Flight     : .   o - amulet of clarity
Saprovore : . . .                    v - ring of Lilacs {Wiz Str+4 Acc-1}
                                     n - +4 ring of dexterity

@: non-regenerating, studying Ice Magic, very resistant to hostile enchantments,
unstealthy
A: damage resistance, recharge devices, sense surroundings 2, slow healing 3
a: Device Recharging, Burn Spellbooks, Berserk, Trog's Hand, Brothers in Arms,
Renounce Religion


You were on level 14 of the Dungeon.
You worshipped Trog.
Trog was extremely pleased with you.
You were hungry.

You visited 1 branch of the dungeon, and saw 14 of its levels.
You also visited: Sewer and Ice Cave.

You collected 725 gold pieces.
You spent 210 gold pieces at shops.

Inventory:

Hand weapons
 f - a +2,+0 war axe of venom
 k - a +0,+6 anti-magic broad axe
 z - a +0,+0 executioner's axe
 C - a +0,+0 war axe of chopping
 F - a +6,+5 anti-magic battleaxe (weapon)
 J - a +0,+1 war axe of flaming
Missiles
 m - 5 tomahawks (quivered)
 y - 6 silver javelins
Armour
 g - a +2 elven robe of cold resistance (worn)
 j - a cursed +0 pair of boots (worn)
 t - a +1 shield of positive energy
 u - a +1 dwarven helmet (worn)
 x - a +2 cloak of magic resistance (worn)
 K - a +0 orcish plate armour
Magical devices
 c - a wand of heal wounds (1)
 h - a wand of digging (13)
 M - a wand of draining (0)
Comestibles
 d - 7 bread rations
 s - a meat ration
 H - an apple
 O - 5 honeycombs
Scrolls
 b - a scroll of teleportation
 e - 2 scrolls of recharging
 i - a scroll of blinking
 l - 2 scrolls of enchant armour
 r - 5 scrolls of remove curse
 A - a scroll of immolation
Jewellery
 a - an uncursed ring of ice
 n - a +4 ring of dexterity (left hand)
 o - an amulet of clarity (around neck)
 v - the ring of Lilacs (right hand) {Wiz Str+4 Acc-1}
   (You found it in an ice cave)

   [ring of wizardry]

   It affects your strength (+4).
   It affects your accuracy (-1).
 D - an uncursed ring of magical power
 X - an uncursed ring of positive energy
Potions
 p - 2 potions of flight
 q - 2 potions of heal wounds
 E - a potion of blood {unknown}
 G - 3 potions of curing
Books
 w - a book of Spatial Translocations

   Spells                             Type                      Level
   Apportation                        Translocation                1
   Portal Projectile                  Translocation                2
   Blink                              Translocation                2
   Shroud of Golubria                 Charms/Translocation         2
   Teleport Other                     Translocation                3
   Passage of Golubria                Translocation                4
   Trog disapproves of the use of such an item.
 B - a manual of Ice Magic Trog disapproves of the use of such an item.


   Skills:
 - Level 3.1 Fighting
 * Level 21.4 Axes
 - Level 0.1 Throwing
 - Level 2.2 Armour
 - Level 2.5 Dodging
   Level 0.7 Shields
 - Level 4.3 Evocations


You had 11 spell levels left.
You didn't know any spells.

Dungeon Overview and Level Annotations

Branches:
Dungeon (14/27)            Temple (0/1) D:6             Orc (0/4) D:8
   Lair (0/8) D:8

Altars:
Ashenzari
Fedhas
Okawaru
Sif Muna

Shops:
D:4 (   D:6 *   D:7 (   D:9 ?   D:14 %!+*

Annotations:
D:14 exclusion: ice statue


Innate Abilities, Weirdness & Mutations

You are resistant to damage.
You can recharge devices by infusing magical energy.
You passively map the area around you.
You do not heal naturally.


Message History

Found a stone staircase leading down.
A six-headed hydra simulacrum comes into view.
The six-headed hydra simulacrum moves out of view.
The six-headed hydra simulacrum is too close now for your liking.
A six-headed hydra simulacrum is nearby!
You slice one of the six-headed hydra simulacrum's heads off!
You slash the five-headed hydra simulacrum!
You slice one of the five-headed hydra simulacrum's heads off!
You slash the four-headed hydra simulacrum!
The four-headed hydra simulacrum bites you!
The four-headed hydra simulacrum freezes you!
You resist.
* * * LOW HITPOINT WARNING * * *
The four-headed hydra simulacrum bites you!
* * * LOW HITPOINT WARNING * * *
The four-headed hydra simulacrum freezes you!
You resist.
* * * LOW HITPOINT WARNING * * *
The four-headed hydra simulacrum bites you.
You die...

.#.#.....∩.(#.(.#......#####.##.#
'#.##..∩..#............#.....##.#
...#...#....#.###......#.######.#
...#........#.......##.#........#
.....#.........###.......∩.......
.≈....<.......##.##.##.########.#
≈≈≈≈...≈≈≈≈≈#.#...#.............#
≈≈≈≈≈≈≈≈......##Z##.##....#.###.#
≈≈......#####..#@#..........# #.#
≈≈.≈≈..## #...........#.#####.#
%)≈...#### ##....#.............#
.........# #<##.......##.#..#.#
#........# ## ###..............
'........# #..#####.......
#.....#############..# ##........
#....................###..8......
###################[[)...........


You could see a four-headed hydra simulacrum.

Vanquished Creatures
  Fannar (D:14)
  Harold (D:10)
  A hydra (D:12)
  A death yak (D:14)
  2 unseen horrors (D:13)
  3 hill giants
  3 ice statues
  An oklob plant (D:13)
  A wolf spider (D:13)
  A cyclops (D:14)
  Maurice (D:8)
  4 trolls
  A yaktaur (shapeshifter) (D:14)
  A spriggan (shapeshifter) (D:14)
  A polar bear (D:14)
  A basilisk (D:12)
  3 ugly things (D:14)
  A water elemental (D:14)
  2 hill giant zombies
  3 wyverns
  Eustachio (D:6)
  6 sharks (D:14)
  5 vampire mosquitoes (D:14)
  Grum (D:12)
  3 hippogriffs
  12 yaks
  3 hungry ghosts
  A steam dragon (D:9)
  5 manticores
  Edmund (D:8)
  2 porcupines (D:8)
  2 hill giant skeletons
  A rock worm (D:8)
  4 wolves
  A mottled dragon (D:12)
  A necrophage (D:7)
  7 orc warriors
  2 swamp drakes (D:14)
  26 ice beasts
  3 black bears
  4 phantoms
  3 sky beasts
  A giant goldfish (D:14)
  5 centaurs
  A crocodile (Sewer)
  A boring beetle (D:8)
  6 ogres
  2 big kobolds
  13 giant frogs
  A water moccasin (D:11)
  15 killer bees
  A yak zombie (D:14)
  2 electric eels (D:14)
  2 yak skeletons
  2 troll skeletons
  4 goliath beetles
  7 crimson imps
  6 hounds
  5 wights (D:6)
  A big fish (D:14)
  A soldier ant zombie (D:11)
  A spider (D:8)
  A cyclops simulacrum (D:14)
  3 iguanas
  2 quasits
  Crazy Yiuf (D:5)
  A giant slug simulacrum (D:14)
  6 jellies
  6 scorpions
  8 orc priests
  A centaur skeleton (D:12)
  6 orc wizards
  18 worker ants
  A killer bee zombie (D:9)
  A giant frog simulacrum (D:11)
  An ogre zombie (D:6)
  3 big kobold skeletons
  4 gnolls (D:5)
  15 adders
  A green rat (D:8)
  A mottled dragon simulacrum (D:14)
  A giant mite (D:6)
  12 white imps (D:14)
  A goliath beetle zombie (D:11)
  4 worms
  An ufetubus (D:14)
  A giant eyeball (D:8)
  A grey rat (D:6)
  A giant centipede simulacrum (D:14)
  4 giant geckos
  14 oozes
  34 orcs
  23 bats
  A bat skeleton (D:4)
  4 giant cockroaches
  18 hobgoblins
  23 kobolds
  6 quokkas
  3 ball pythons
  2 giant newts (D:1)
  2 giant spores
  10 goblins
  5 jackals
  2 orc zombies (D:5)
  A quokka skeleton (D:9)
  22 rats
  6 ballistomycetes
  3 fungi (D:13)
  A plant (D:14)
490 creatures vanquished.

Vanquished Creatures (collateral kills)
  2 orc warriors (D:8)
  An orc priest (D:8)
3 creatures vanquished.

Vanquished Creatures (others)
  An ogre (D:8)
  A killer bee (D:14)
  A big kobold zombie (D:8)
  An orc (D:8)
  A giant spore (D:13)
  2 fungi (D:13)
  4 plants (D:10)
11 creatures vanquished.

Grand Total: 504 creatures vanquished

Notes
Turn   | Place    | Note
--------------------------------------------------------------
     0 | D:1      | Malachi, the Deep Dwarf Berserker, began the quest for the Orb.
     0 | D:1      | Reached XP level 1. HP: 21/21 MP: 0/0
   127 | D:1      | Reached XP level 2. HP: 25/28 MP: 1/1
   163 | D:1      | Acquired Trog's second power
   653 | D:1      | Reached XP level 3. HP: 30/36 MP: 2/2
   701 | D:1      | Reached skill level 4 in Axes
  1614 | D:3      | Found an iron altar of Okawaru.
  1873 | D:4      | Found Lenam's Weapon Boutique.
  1883 | D:4      | Reached XP level 4. HP: 32/43 MP: 3/3
  1935 | D:4      | Reached skill level 5 in Axes
  2097 | D:4      | Noticed a wyvern
  2105 | D:4      | Killed a wyvern
  2105 | D:4      | Reached skill level 7 in Axes
  2105 | D:4      | Reached XP level 5. HP: 27/49 MP: 4/4
  2105 | D:4      | Reached XP level 6. HP: 31/57 MP: 5/5
  2397 | D:5      | Entered Level 5 of the Dungeon
  2508 | D:5      | Reached skill level 8 in Axes
  2517 | D:5      | Noticed Crazy Yiuf
  2525 | D:5      | Killed Crazy Yiuf
  2563 | D:5      | Reached XP level 7. HP: 26/63 MP: 6/6
  2708 | D:5      | Reached skill level 9 in Axes
  3085 | D:3      | Found a shattered altar of Ashenzari.
  3193 | D:6      | Found a glowing drain.
  3266 | Sewer    | Entered a sewer
  3282 | Sewer    | Acquired Trog's third power
  3302 | Sewer    | Reached skill level 10 in Axes
  3460 | D:6      | Reached XP level 8. HP: 58/72 MP: 7/7
  3480 | D:6      | Found a staircase to the Ecumenical Temple.
  3528 | D:6      | Found Ifiuca's General Store.
  3530 | D:6      | Noticed Eustachio
  3554 | D:6      | Killed Eustachio
  3554 | D:6      | Reached skill level 11 in Axes
  3565 | D:6      | Bought a potion of heal wounds for 39 gold pieces
  4091 | D:7      | Reached skill level 12 in Axes
  4294 | D:7      | Gained mutation: You passively map the area around you. [level up]
  4294 | D:7      | Reached XP level 9. HP: 58/78 MP: 8/8
  4407 | D:7      | Found Twead's Weapon Shoppe.
  4434 | D:7      | Bought a +0,+0 war axe of flaming for 132 gold pieces
  4464 | D:7      | Found a deep blue altar of Sif Muna.
  4702 | D:7      | Reached skill level 13 in Axes
  4962 | D:8      | Noticed Maurice
  4982 | D:8      | Killed Maurice
  4985 | D:8      | Reached skill level 14 in Axes
  5170 | D:8      | Found a staircase to the Orcish Mines.
  5231 | D:8      | Paralysed by a giant eyeball for 3 turns
  5251 | D:8      | Noticed Edmund
  5263 | D:8      | Killed Edmund
  5344 | D:8      | Reached skill level 1 in Evocations
  5362 | D:8      | Reached XP level 10. HP: 47/85 MP: 11/11
  5367 | D:8      | Found a staircase to the Lair.
  5514 | D:8      | Reached skill level 15 in Axes
  5948 | D:9      | Found Elezeh's Magic Scroll Shoppe.
  5984 | D:9      | Bought a scroll of teleportation for 39 gold pieces
  6005 | D:9      | Gained mutation: You are partially covered in large bone plates (AC +2, SH +2). [potion of mutation]
  6005 | D:9      | Gained mutation: Armour fits poorly on your strangely shaped body. [potion of mutation]
  6005 | D:9      | Gained mutation: You are dopey. (Int -2) [potion of mutation]
  6006 | D:9      | Lost mutation: Armour fits poorly on your strangely shaped body. [potion of cure mutation]
  6006 | D:9      | Lost mutation: You are dopey. (Int -2) [potion of cure mutation]
  6006 | D:9      | Lost mutation: You are partially covered in large bone plates (AC +2, SH +2). [potion of cure mutation]
  6012 | D:9      | Found a blossoming altar of Fedhas.
  6383 | D:10     | Entered Level 10 of the Dungeon
  6383 | D:10     | Noticed Harold
  6398 | D:10     | Killed Harold
  6398 | D:10     | Reached skill level 16 in Axes
  6713 | D:10     | Noticed a hill giant
  6725 | D:10     | Killed a hill giant
  6725 | D:10     | Reached skill level 17 in Axes
  6729 | D:10     | Reached XP level 11. HP: 92/92 MP: 16/16
  8103 | D:12     | Reached skill level 18 in Axes
  8488 | D:12     | Noticed a hill giant
  8496 | D:12     | Killed a hill giant
  8534 | D:12     | Noticed Grum
  8549 | D:12     | Killed Grum
  8827 | D:12     | Noticed a seven-headed hydra
  8832 | D:12     | Killed a five-headed hydra
  9197 | D:13     | Reached skill level 19 in Axes
  9266 | D:13     | Received a gift from Trog
  9529 | D:13     | Reached XP level 12. HP: 30/99 MP: 6/18
  9701 | D:13     | Killed an unseen horror
  9871 | D:13     | Killed an unseen horror
 10203 | D:14     | Entered Level 14 of the Dungeon
 10203 | D:14     | Found Cloics' Book Shoppe.
 10203 | D:14     | Found Yqaxisaufa's Distillery.
 10254 | D:14     | Found Qiamirphi's General Store.
 10257 | D:14     | Noticed Fannar
 10313 | D:14     | Killed Fannar
 10392 | D:14     | Reached skill level 20 in Axes
 10452 | D:14     | Found a blossoming altar of Fedhas.
 10656 | D:14     | Found a frozen archway.
 10792 | IceCv    | Entered an ice cave
 10856 | IceCv    | Got a glittering lapis lazuli ring
 10941 | D:14     | Received a gift from Trog
 10996 | D:14     | Reached skill level 21 in Axes
 11233 | D:14     | Found Fawo's Food Shoppe.
 11451 | D:14     | HP: 2/99 [four-headed hydra simulacrum (6)]
 11451 | D:14     | Slain by a four-headed hydra simulacrum

Action                   |  1- 3 |  4- 6 |  7- 9 | 10-12 || total
-------------------------+-------+-------+-------+-------++-------
Melee: Hand axe          |   145 |   120 |   136 |    16 ||   417
       War axe           |       |       |   305 |   461 ||   766
       Battleaxe         |       |       |       |   470 ||   470
Throw: Tomahawk          |       |       |       |     1 ||     1
Invok: Trog's Hand       |     3 |     4 |    10 |    34 ||    51
       Berserk           |       |     3 |     9 |    21 ||    33
       Brothers in Arms  |       |       |     1 |       ||     1
Evoke: Wand              |       |       |     9 |    28 ||    37
  Use: Scroll            |     5 |       |     2 |    23 ||    30
       Potion            |       |       |       |     6 ||     6
 Stab: Distracted        |       |       |     1 |       ||     1
       Confused          |       |       |       |     3 ||     3
